Jonadab, neutral female human Tourist -------------- |............| ##########)#(# |.......[....| # ------- # |............| ### |...... # |............| # |.....\.. @ |.............## |....(.%.k:ff -----------.-- |.......q. %% ## #### --- ----- ## ### #### #### # ##### -----.---.-- |........<.| |..........| |..........| ------------ Jonadab the Excursionist Experience level: 6 Strength: 18/06 Dexterity: 13 Constitution: 18 Intelligence: 13 Wisdom: 9 Charisma: 14 Health: 0(60) Energy: 20(20) Def: 9 Gold: 105 Moves: 13126 Dungeon seed: CFg59fIhMPlvHX4u Game ID: Jonadab_1480157162 Your Inventory: Coins $ - 105 gold pieces Amulets C - an uncursed amulet of reflection named SokoPrize (being worn) Weapons a - an uncursed +0 silver dagger (weapon in hand) c - 32 uncursed +2 darts d - 5 uncursed +0 daggers (in quiver) g - 11 uncursed poisoned +0 darts x - an uncursed +0 trident (alternate weapon; not wielded) I - 6 uncursed +0 darts O - 3 uncursed +3 darts Armor e - an uncursed +0 pair of water walking boots (being worn) f - an uncursed +1 pair of iron shoes q - an uncursed +0 dwarvish iron helm (being worn) Y - an uncursed +0 dwarvish mithril-coat (being worn) Comestibles m - 9 uncursed food rations r - 4 uncursed tripe rations A - 2 uncursed fortune cookies E - an uncursed lembas wafer G - an uncursed sprig of wolfsbane R - an uncursed egg Z - an uncursed lizard corpse Rings h - an uncursed +1 ring of protection named b.U F - an uncursed ring of teleport control named b.U L - an uncursed ring of slow digestion named b.U U - an uncursed ring of poison resistance named b.U Wands o - an uncursed wand of sleep (0:4) s - an uncursed wand of slow monster (0:4) y - an uncursed wand of create monster (0:0) P - an uncursed wand of light (0:5) Tools b - an uncursed sack j - an uncursed expensive camera (0:51) k - an uncursed skeleton key w - an uncursed towel M - an uncursed partly used tallow candle (0:14) Gems p - an uncursed worthless piece of green glass t - an uncursed garnet stone z - an uncursed worthless piece of white glass Contents of the sack: 4825 gold pieces an uncursed scroll of blank paper 2 uncursed scrolls of earth an uncursed scroll of enchant armor an uncursed scroll of teleportation an uncursed potion of confusion an uncursed potion of hallucination an uncursed potion of see invisible an uncursed wand of create monster (0:11) an uncursed wand of digging (0:4) an uncursed wand of digging named usedtwice (0:5) a cursed wand of light (0:12) an uncursed wand of striking (0:6) an uncursed wand of striking (0:6) an uncursed wand of striking (0:0) 7 blessed tallow candles (0:200) 2 uncursed tallow candles (0:200) an uncursed agate stone an uncursed opal 3 uncursed worthless pieces of blue glass an uncursed worthless piece of orange glass 3 uncursed worthless pieces of red glass an uncursed worthless piece of white glass 2 uncursed worthless pieces of yellow glass an uncursed worthless piece of yellowish brown glass Spells and supernatural/magical abilities: Name Level Category Fail Memory W - pray for help -- divine ? -- Your skills at the end: Fighting Skills wands [Basic] Weapon Skills dagger [Basic] trident [Basic] dart [Basic] Spellcasting Skills Final Attributes: You were piously aligned. You were poison resistant. You were telepathic. You could walk on water. You had reflection. You are dead. Vanquished creatures: a panther 3 leprechauns an iron piercer 3 gnome kings a lizard a dwarf lord a raven a snake 2 human zombies 2 Woodland-elves 10 bugbears an imp a Mordor orc a rock mole a pony a fog cloud 2 yellow lights 4 shriekers 12 gnome lords 2 gnomish wizards a kobold mummy a gray ooze 4 giant ants 2 little dogs 2 floating eyes a kitten 7 dwarves 3 homunculi 3 kobold lords a kobold shaman 6 hill orcs 6 rothes a centipede 2 giant bats a monkey 6 dwarf zombies a wererat 7 iguanas 5 killer bees 2 acid blobs 13 coyotes 5 gas spores 7 hobbits 6 manes 7 large kobolds 13 hobgoblins 6 giant rats 5 cave spiders 5 brown molds 3 yellow molds a green mold 4 red molds 29 gnomes 10 garter snakes 8 gnome zombies 6 geckos 22 jackals 2 foxes 7 kobolds 13 goblins 13 sewer rats 20 grid bugs 3 bats 11 lichens 3 kobold zombies 17 newts 352 creatures vanquished. Voluntary challenges: You used a wielded weapon 78 times, starting on turn 1763. You read items or engraved 124 times, starting on turn 125. You never genocided any monsters. You never polymorphed an object. You never changed form. You used no wishes. You never split a pudding. You wrote Elbereth's name 108 times, starting on turn 125. You violated your moral code, losing 10 points of alignment, starting on turn 3629. Dungeon overview: The Dungeons of Doom: levels 1 to 9 Level 1 (Stashed:books,4?mm,longwand0:0) some fountains a long staircase Level 2 a fountain Level 3 an altar to Offler, a fountain Level 4 a general store stairs to The Gnomish Mines Level 5 Level 6 some fountains stairs to Sokoban Level 7 (AllMyGold) a throne Level 8 a fountain Level 9 <- You were here a throne The Gnomish Mines: levels 5 to 7 Level 5 (pick-axe-by-downstair) stairs to The Dungeons of Doom Level 6 Level 7 Sokoban: levels 2 to 5 Level 2 Level 3 Level 4 Level 5 stairs to The Dungeons of Doom History has recorded: On T:1 you entered the Dungeons of Doom to retrieve the Amulet of Yendor! On T:240 you reached level 2 of The Dungeons of Doom. On T:753 you reached level 3 of The Dungeons of Doom. On T:776 you reached level 4 of The Dungeons of Doom. On T:1264 you reached level 5 of The Dungeons of Doom. On T:1309 you reached level 1 of The Gnomish Mines. On T:1977 you reached level 6 of The Dungeons of Doom. On T:2630 you reached level 4 of Sokoban. On T:3075 you reached level 3 of Sokoban. On T:3342 you advanced to experience level 2. On T:4624 you reached level 2 of Sokoban. On T:5139 you reached level 1 of Sokoban. On T:7674 you reached level 7 of The Dungeons of Doom. On T:8434 you reached level 2 of The Gnomish Mines. On T:9055 you reached level 3 of The Gnomish Mines. On T:9951 you advanced to experience level 3. On T:10103 you advanced to experience level 4. On T:10942 you advanced to experience level 5. On T:11766 you reached level 8 of The Dungeons of Doom. On T:11792 you reached level 9 of The Dungeons of Doom. On T:12824 you advanced to experience level 6. Score breakdown: Gold: 4043 (12269 points) Experience: 6 levels (12456 points) Exploration: 9 levels ( 18.00%) (12121 points) Discoveries: 7 items ( 2.33%) ( 4574 points) Valuables value: (no points given unless you survive) Artifact value: 0 ( 0 points) Variety of kills: 66 monsters ( 17.23%) (12453 points) Turncount: 13126 turns (-2780 points) Survival: died (score multiplied by 80%) Total score: 40874 Latest messages: You hear some noises nearby. You hear bubbling water. You hit the Woodland-elf. The Woodland-elf swings his runed broadsword at you. The Woodland-elf hits! You hear some noises nearby. You hear an explosion in the distance. It is hit! You hit the Woodland-elf! The Woodland-elf swings his runed broadsword at you. The Woodland-elf hits! You hear some noises nearby. (2x) It is hit. The dart hits the Woodland-elf! The Woodland-elf swings his runed broadsword at you. The Woodland-elf hits! You hear some noises nearby. (2x) You kill the Woodland-elf! Something is written here in the dust. You read: "- ? ?e cc?". There are several objects here. The crocodile bites! You die... Final status: Aloha Jonadab the Tourist, killed by a crocodile... You died in The Dungeons of Doom on dungeon level 9 with 40874 points, and 4930 pieces of gold, after 13126 moves. You were level 6 with a maximum of 60 hit points when you died.